 Dungeon Crawl Stone Soup version 0.17.1-3-g152610e (webtiles) character file.

58 dobroeutro the Skirmisher (level 4, -1/29 HPs)
             Began as a Gargoyle Fighter on Apr 27, 2016.
             Killed by nerve-wracking pain
             ... invoked by Jessica
              (13 damage)
             ... on level 2 of the Dungeon.
             The game lasted 00:02:14 (998 turns).

dobroeutro the Skirmisher (Gargoyle Fighter)         Turns: 998, Time: 00:02:14

Health: -1/29      AC: 10    Str: 21    XL:     4   Next: 1%
Magic:  4/4        EV:  7    Int:  8    God:
Gold:   21         SH:  0    Dex:  9    Spells: 0 memorised, 3 levels left

rFire  . . .     SeeInvis .     a - +0 flail
rCold  . . .     Clarity  .     b - +0 scale mail
rNeg   + . .     SustAt   .     c - +0 shield
rPois  ∞         Gourm    .     (no helmet)
rElec  +         Spirit   .     (no cloak)
rCorr  .         Warding  .     (no gloves)
rMut   .         Stasis   .     (no boots)
MR     .....                    (no amulet)
Stlth  ..........               (no ring)
                                (no ring)

@: confused, not resistant to hostile enchantments, extremely unstealthy
A: negative energy resistance 1, electricity resistance, unbreathing,
petrification resistance, rot immunity, AC +3
a: no special abilities


You were on level 2 of the Dungeon.
You were not hungry.

You visited 1 branch of the dungeon, and saw 2 of its levels.

You collected 21 gold pieces.

Inventory:

Hand Weapons
 a - a +0 flail (weapon)
 m - a +0 hand axe of electrocution
Armour
 b - a +0 scale mail (worn)
 c - a +0 shield (worn)
Scrolls
 g - 5 scrolls of identify {unknown}
 h - a scroll of teleportation {unknown}
 j - a scroll of recharging {unknown}
 n - a scroll of remove curse {unknown}
Potions
 d - a potion of might
 f - a potion of ambrosia {unknown}
 i - a potion of cancellation {unknown}
 k - a potion of resistance {unknown}
Comestibles
 e - a bread ration


   Skills:
 + Level 3.9 Fighting
 + Level 2.7 Maces & Flails
 + Level 3.7 Armour
 + Level 3.8 Shields


You had 3 spell levels left.
You didn't know any spells.

Dungeon Overview and Level Annotations

Branches:
Dungeon (2/15)

Altars:

Annotations:
D:2 Jessica


Innate Abilities, Weirdness & Mutations

You are resistant to torment.
Your stone body is resilient (AC +3).
You are immune to poison.
You resist negative energy.
You are resistant to electric shocks.
You can survive without breathing.
You are immune to petrification.
You are immune to rotting.


Message History

You're already wearing that object!
Wield which item (- for none, * to show all)? (? for menu, Esc to quit)
Your +0 hand axe of electrocution stops crackling.
a - a +0 flail (weapon)
Jessica gestures wildly while chanting.
Jessica blinks!
Jessica zaps a wand.
You resist with some effort.
Jessica is no longer moving quickly.
You hit Jessica.
Jessica is severely wounded.
Jessica hits you but does no damage.
You bump into the rock wall.
Jessica hits you but does no damage.
You barely miss Jessica.
Jessica is severely wounded.
Jessica zaps a wand.
You are more confused.
Jessica zaps a wand.
You resist with some effort.
You're too confused to move!
Jessica gestures at you while chanting. Pain shoots through your body!
You die...

#. #.##.........) #.
######.##.####....#
#.##...##.##.# #.##.#
#..†.#†......# #.##.#
#....#....#######.##.#
###.#..#####...........#.#
....>.....#....#######.....
.#######..#.#..# ##.#.#
######..@@#..# #.#.#
#......†.....# #####.#.#
#.####...##.## #........
#...#...## #.#######
#.......>###.#######
##.####...................
.....................##..#
##.............####.......
#######..####.# #..##...#


You could see Jessica.

Vanquished Creatures
  2 adders (D:2)
  2 worms (D:2)
  4 bats
  3 giant cockroaches
  7 hobgoblins
  A quokka (D:2)
  3 giant newts
  3 goblins
  8 kobolds
  3 rats
36 creatures vanquished.

Notes
Turn   | Place    | Note
--------------------------------------------------------------
     0 | D:1      | dobroeutro the Gargoyle Fighter began the quest for the Orb.
     0 | D:1      | Reached XP level 1. HP: 14/14 MP: 1/1
   129 | D:1      | Reached XP level 2. HP: 19/19 MP: 2/2
   695 | D:2      | Reached XP level 3. HP: 23/23 MP: 3/3
   910 | D:2      | Reached XP level 4. HP: 25/29 MP: 4/4
   958 | D:2      | Noticed Jessica
   998 | D:2      | Killed from afar by Jessica

Action                   |  1- 3 |  4- 6 || total
-------------------------+-------+-------++-------
Melee: Flail             |   119 |     2 ||   121
       Hand axe          |    24 |    14 ||    38
  Eat: Chunk             |       |     1 ||     1
